Map: Romanticide LE

Players

FLORENCIO - Winner!

  • Race: Terran Terran
  • League: Gold

그랜드토막

  • Race: Zerg Zerg
  • League: Gold

VOD

Have the link to the VOD?

Description

Time

  • Played on: April 11, 2021, 11:18 p.m.
  • Length: 26:01
Show
View Real Time Build Order
Export as new Build Order

FLORENCIO Terran - Winner!

Build Orders: Liberator Opening 

Get SALT Encoding   

  12  0:02  SCV  
  13  0:14  SCV  
  14  0:26  Supply Depot  
  14  0:29  SCV  
  14  0:32  Refinery  
  15  0:48  SCV  
  16  0:50  Barracks  
  16  1:00  SCV  
  17  1:07  Refinery  
  17  1:12  SCV  
  18  1:22  Supply Depot  
  18  1:24  SCV  
  19  1:36  SCV  
  20  1:47  Factory  
  20  1:48  SCV  
  20  1:50  Bunker, Marine  
  22  2:01  SCV  
  23  2:32  Command Center  
  23  2:33  Marine  
  23  2:36  SCV  
  25  2:48  Starport  
  25  2:51  Factory Reactor  
  25  2:56  SCV  
  25  2:58  Marine  
  27  3:16  Supply Depot, Marine  
  28  3:42  Hellion x2  
  28  3:43  Engineering Bay  
  28  3:44  Liberator  
  36  3:48  SCV  
  36  3:57  Bunker  
  36  4:01  SCV  
  37  4:13  Planetary Fortress  
  37  4:21  Fusion Core  
  33  4:56  Planetary Fortress  
  33  4:58  Starport Tech Lab  
  33  5:11  Barracks  
  33  5:13  SCV  
  34  5:18  Battlecruiser  
  40  5:25  SCV  
  41  5:37  SCV  
  41  5:38  SCV  
  43  5:43  Supply Depot  
  43  5:49  SCV  
  44  5:50  SCV  
  44  5:53  Widow Mine x2  
  49  6:01  SCV  
  49  6:02  SCV  
  51  6:09  Missile Turret  
  51  6:14  Widow Mine  
  51  6:16  SCV, Factory  
  51  6:17  Factory  
  43  6:55  Widow Mine  
  43  6:56  Widow Mine  
  41  7:17  Widow Mine x2  
  39  7:23  Missile Turret  
  39  7:24  Missile Turret  
  39  7:25  Refinery  
  39  7:27  Refinery  
  39  7:28  Missile Turret  
  39  7:29  Missile Turret  
  39  7:30  Missile Turret  
  39  7:38  Widow Mine x2  
  42  7:49  SCV  
  43  7:53  SCV  
  44  7:59  Widow Mine  
  44  8:01  SCV  
  44  8:05  SCV  
  48  8:13  SCV  
  48  8:17  SCV  
  50  8:23  Armory  
  50  8:25  SCV  
  51  8:29  SCV  
  52  8:41  SCV x2  
  54  8:53  SCV  
  54  8:54  SCV  
  56  9:00  Command Center  
  56  9:05  SCV  
  56  9:06  SCV  
  58  9:18  SCV  
  59  9:24  Supply Depot  
  59  9:26  Supply Depot  
  59  9:30  SCV  
  60  9:43  SCV  
  61  9:50  SCV  
  62  9:55  SCV  
  63  10:00  Factory Tech Lab  
  63  10:02  SCV  
  64  10:07  SCV  
  65  10:14  SCV  
  65  10:19  SCV  
  67  10:32  SCV, Barracks  
  67  10:33  SCV  
  69  10:41  Viking  
  71  10:45  SCV  
  71  10:47  Starport  
  72  10:51  Starport  
  72  10:53  Thor  
  72  10:54  Factory  
  72  10:55  Factory  
  72  10:56  SCV  
  80  10:57  SCV  
  80  11:02  Missile Turret  
  80  11:08  SCV  
  80  11:09  SCV  
  81  11:42  Missile Turret  
  81  11:46  Missile Turret x2  
  79  11:47  Missile Turret  
  73  12:34  Refinery  
  73  12:35  Planetary Fortress  
  73  12:43  Refinery  
  73  12:46  Factory Tech Lab  
  73  12:47  Factory Tech Lab  
  73  13:09  Missile Turret  
  73  13:20  Ghost Academy  
  73  13:21  Ghost Academy  
  73  13:25  Supply Depot  
  73  13:29  Supply Depot  
  73  13:30  Supply Depot  
  73  13:37  Starport Tech Lab  
  73  13:38  Corvid Reactor, Starport Tech Lab  
  73  13:51  Thor x2  
  73  13:53  Supply Depot  
  73  13:54  Supply Depot  
  85  13:56  Command Center  
  85  14:00  Personal Cloaking  
  85  14:04  Nuke  
  85  14:13  Barracks  
  85  14:14  Thor  
  87  14:45  Thor x2  
  87  14:47  Medivac  
  87  14:49  Medivac  
  101  14:53  Medivac  
  101  14:59  SCV  
  90  15:12  SCV  
  89  15:17  Missile Turret  
  89  15:24  SCV  
  89  15:27  SCV x2  
  92  15:36  SCV  
  94  15:47  Thor  
  99  15:50  SCV  
  100  16:02  SCV  
  101  16:07  Thor  
  107  16:14  SCV  
  108  16:25  SCV  
  109  16:26  SCV  
  96  16:37  Hellion x2, SCV  
  95  16:45  Barracks Tech Lab  
  95  16:48  SCV  
  95  16:49  SCV  
  95  16:50  Hellion  
  99  17:17  Hellion x2  
  99  17:18  Hellion  
  105  17:27  Missile Turret  
  105  17:29  Missile Turret  
  94  17:47  Liberator x3  
  77  18:37  SCV x2  
  77  18:38  SCV  
  80  18:49  SCV x2  
  80  18:50  SCV  
  44  19:38  Viking x3, Command Center  
  47  20:42  Planetary Fortress  
  47  20:50  Widow Mine  
  47  20:56  SCV  
  50  21:07  Refinery  
  50  21:10  Refinery  
  48  21:52  Liberator  
  48  21:53  Liberator x2  
  55  22:37  Liberator  
  58  22:45  Planetary Fortress  
  55  23:09  SCV x2  
  57  23:15  Refinery  
  57  23:21  SCV x2  
  55  23:33  SCV x2  
  54  23:35  SCV  
  52  23:45  SCV x2  
  52  23:47  SCV  
  54  23:57  SCV x2  
  54  23:59  SCV  
  55  24:09  SCV x2  
  57  24:11  SCV, Widow Mine  
  57  24:12  Widow Mine  
  62  24:21  SCV x2  
  64  24:28  SCV  
  65  24:33  SCV x2  
  67  24:43  SCV  
  68  24:45  SCV  
  68  24:46  SCV  
  70  24:55  SCV  
  70  25:23  Command Center  
Show
View Real Time Build Order
Export as new Build Order

그랜드토막 Zerg 

Build Orders: Hatch First, Muta Ling Bane 

Get SALT Encoding   

  12  0:01  Drone  
  13  0:08  Drone  
  14  0:16  Overlord  
  14  0:37  Drone x3  
  17  0:55  Hatchery  
  16  0:57  Drone  
  16  0:59  Extractor  
  16  1:03  Drone  
  17  1:12  Drone  
  18  1:20  Drone  
  18  1:24  Spawning Pool  
  18  1:31  Drone  
  19  1:42  Drone  
  19  1:45  Extractor  
  19  1:53  Drone  
  20  2:03  Drone  
  21  2:13  Metabolic Boost  
  21  2:14  Zergling x2  
  22  2:15  Zergling x2, Queen  
  22  2:16  Queen  
  27  2:24  Zergling x2  
  27  2:29  Overlord  
  28  2:47  Overlord  
  28  2:49  Drone  
  29  2:52  Drone x3  
  32  3:01  Lair  
  32  3:04  Drone  
  33  3:08  Drone  
  34  3:15  Drone  
  34  3:17  Drone  
  34  3:35  Zergling x8  
  34  3:36  Drone x3  
  34  3:39  Extractor  
  40  3:41  Drone  
  40  3:42  Extractor  
  40  3:43  Drone  
  40  3:50  Drone  
  41  4:04  Drone x2  
  41  4:07  Overlord  
  41  4:08  Overlord, Spire  
  41  4:52  Zergling x10  
  43  4:53  Zergling x4  
  43  4:54  Zergling x4, Queen  
  43  4:55  Queen  
  51  5:05  Overlord  
  51  5:17  Spore Crawler  
  51  5:19  Spore Crawler  
  49  5:22  Mutalisk  
  49  5:23  Mutalisk  
  49  5:25  Mutalisk x3  
  49  5:27  Overlord x2  
  58  5:46  Mutalisk  
  58  5:48  Mutalisk x4  
  68  5:55  Drone  
  68  5:56  Drone x3  
  72  5:58  Drone  
  73  6:06  Drone  
  73  6:07  Drone  
  73  6:08  Overlord  
  73  6:09  Overlord  
  75  6:26  Corruptor x2  
  79  6:39  Corruptor  
  79  6:40  Corruptor  
  56  7:11  Mutalisk x2  
  56  7:12  Mutalisk x3  
  66  7:25  Zergling x6  
  66  7:26  Zergling x6  
  66  7:28  Drone  
  71  7:47  Baneling Nest  
  70  7:55  Drone x2  
  70  7:57  Drone x5  
  77  8:14  Pneumatized Carapace  
  77  8:23  Corruptor x3  
  83  8:30  Centrifical Hooks  
  83  8:48  Drone  
  84  8:57  Baneling x2  
  84  8:58  Baneling x7  
  84  8:59  Baneling x4  
  84  9:00  Baneling  
  84  9:40  Zergling x2  
  84  9:41  Zergling x8  
  84  9:42  Zergling x4  
  84  9:45  Overlord  
  91  10:02  Queen x2  
  95  10:07  Hatchery  
  95  10:09  Mutalisk x2  
  95  10:10  Mutalisk  
  96  10:27  Overlord x2  
  95  10:29  Overlord x3  
  95  10:33  Baneling x4  
  95  10:34  Baneling x8  
  95  10:35  Baneling x7  
  95  10:36  Baneling x3  
  95  10:57  Zergling x4  
  95  10:58  Zergling x2  
  95  10:59  Zergling x2  
  95  11:01  Zergling x2  
  95  11:02  Zergling x2  
  101  11:10  Zergling x6  
  104  11:12  Zergling x8  
  58  12:18  Mutalisk x3  
  58  12:19  Mutalisk x3  
  58  12:22  Drone x3, Queen  
  75  12:36  Mutalisk  
  77  12:37  Mutalisk  
  77  12:41  Mutalisk, Evolution Chamber  
  77  12:43  Mutalisk  
  82  12:48  Zergling x4  
  82  12:49  Zergling x2  
  87  12:51  Zergling x6  
  87  12:54  Drone x2  
  90  12:58  Queen  
  90  12:59  Zergling x2  
  90  13:00  Zergling x2  
  90  13:05  Zergling x2  
  95  13:06  Zergling x2  
  95  13:07  Zerg Ground Armor Level 1  
  95  13:11  Baneling x3  
  95  13:12  Baneling x7  
  96  13:13  Baneling x7  
  96  13:17  Zergling x8  
  96  13:18  Zergling x2  
  101  13:20  Zergling x6  
  101  13:23  Drone x3  
  107  13:31  Zergling x2, Evolution Chamber, Infestation Pit  
  107  13:32  Zergling x2  
  107  13:35  Baneling  
  107  13:36  Baneling x5  
  107  13:37  Baneling  
  107  13:38  Zergling x2  
  107  13:39  Zergling x2  
  109  13:42  Drone  
  109  13:48  Zergling x6  
  113  13:51  Baneling x4  
  113  13:52  Baneling x2  
  113  13:58  Zergling x4  
  113  13:59  Zergling x2  
  113  14:00  Drone x4  
  120  14:06  Extractor  
  119  14:14  Zergling x4  
  119  14:15  Zergling x2  
  122  14:18  Hatchery  
  122  14:19  Zerg Melee Weapons Level 1  
  122  14:21  Hive  
  102  15:00  Zergling x2  
  102  15:01  Zergling x14  
  102  15:03  Zergling x10  
  102  15:04  Zergling x2  
  85  15:16  Drone x5  
  85  15:17  Drone x3  
  93  15:26  Zerg Ground Armor Level 2  
  93  15:36  Ultralisk Cavern  
  93  15:42  Mutalisk x3  
  94  15:44  Mutalisk x2  
  94  15:47  Zergling x2  
  94  15:48  Zergling x8  
  107  15:51  Drone x4  
  107  15:54  Drone  
  107  15:55  Drone x2  
  97  16:25  Ultralisk x2  
  103  16:26  Zergling x2  
  103  16:27  Zergling x6  
  103  16:29  Zergling x6  
  106  16:43  Zergling x12  
  106  16:45  Zergling x6  
  115  16:51  Extractor  
  114  16:59  Anabolic Synthesis  
  114  17:06  Drone x3  
  114  17:07  Drone  
  118  17:09  Drone x3  
  121  17:22  Ultralisk  
  99  17:58  Zergling x8  
  101  17:59  Zergling x10  
  101  18:00  Zergling x2  
  108  18:09  Zergling x10  
  108  18:10  Zergling x6  
  108  18:14  Ultralisk x3  
  124  18:47  Queen  
  69  19:34  Mutalisk x5  
  73  19:41  Zergling x14  
  73  19:42  Zergling x4  
  80  20:21  Drone x2  
  76  21:14  Drone x3  
  75  21:27  Corruptor  
  75  21:36  Corruptor  
  75  21:39  Zergling x10  
  83  21:40  Zergling x10  
  87  22:06  Corruptor x2  
  81  22:28  Zergling x10  
  81  22:29  Zergling x4  
  86  22:30  Zergling x4  
  84  23:00  Corruptor x3  
  90  23:09  Zergling x10  
  90  23:10  Zergling x14  
  45  24:03  Zergling x14  
  45  24:05  Zergling x6  
  53  24:20  Hatchery  
  52  24:29  Ultralisk  
  58  24:31  Drone x2  
  58  24:32  Drone  
  51  25:04  Zergling x10  
  51  25:06  Zergling x8  
Tags
 
Add a new tag
Caveats
  • Supply blocks, unpowered buildings, or Contaminate may cause inaccurate times.
  • Supply counts are checked every 10 seconds.